 Dungeon Crawl Stone Soup version 0.21-a0-404-g291f19a (webtiles) character file.

122 Gorice the Slasher (level 4, 0/30 HPs)
             Began as a Demonspawn Wanderer on Oct 28, 2017.
             Was an Initiate of Yredelemnul.
             Engulfed by an orc wizard's steam (13 damage)
             ... on level 3 of the Dungeon.
             The game lasted 00:12:05 (3280 turns).

Gorice the Slasher (Demonspawn Wanderer)            Turns: 3280, Time: 00:12:06

Health: 0/30       AC:  9    Str: 13    XL:     4   Next: 78%
Magic:  7/7        EV: 12    Int: 15    God:    Yredelemnul [......]
Gold:   178        SH:  4    Dex: 11    Spells: 7/7 levels left

rFire    . . .     SeeInvis .   a - +3 falchion
rCold    . . .     Gourm    .   n - +0 buckler
rNeg     . . .     Faith    .   j - +0 scale mail
rPois    .         Spirit   .   (no helmet)
rElec    .         Reflect  .   (no cloak)
rCorr    .         Harm     .   q - +0 pair of gloves
MR       .....                  (no boots)
Stlth    ..........             (no amulet)
HPRegen  0.10/turn              h - +3 ring of evasion
MPRegen  0.10/turn              u - +1 ring of slaying

@: very slow
A: iridescent scales 1, powered by pain 1
a: Renounce Religion


You were on level 3 of the Dungeon.
You worshipped Yredelemnul.
Yredelemnul was noncommittal.
You were hungry.

You visited 1 branch of the dungeon, and saw 3 of its levels.

You collected 178 gold pieces.

Inventory:

Hand Weapons
 a - a +3 falchion (weapon)
Missiles
 e - 15 bolts
 l - 18 sling bullets
 w - 8 tomahawks (quivered)
 Z - 92 stones
Armour
 d - a +0 robe
 j - a +0 scale mail (worn)
 m - a +0 chain mail
 n - a +0 buckler (worn)
 q - a +0 pair of gloves (worn)
Jewellery
 h - a +3 ring of evasion (left hand)
 u - a +1 ring of slaying (right hand)
Scrolls
 s - a scroll of teleportation {!r}
Potions
 b - a potion of lignification {!q}
 i - a potion of haste {!q}
 o - 2 potions of mutation {!q}
 t - 2 potions of curing {unknown}
Books
 c - the Reference Book on Evil Arts

   Spells                             Type                      Level
   a - Pain                           Necromancy                   1
   b - Regeneration                   Charms/Necromancy            3
 g - a book of Unlife
Comestibles
 f - 4 bread rations {!e}
 k - 2 royal jellies
 p - 3 meat rations {!e}
 r - 2 fruits
 v - 6 chunks of flesh


   Skills:
 * Level 4.5 Long Blades
 + Level 2.0 Armour
 - Level 1.7 Dodging
 - Level 1.7 Shields
 - Level 2.0 Spellcasting
   Level 1.0 Transmutations


You had 7 spell levels left.
You didn't know any spells.

Dungeon Overview and Level Annotations

Branches:
Dungeon (3/15)

Altars:
Xom
Yredelemnul

Annotations:
D:3 sergedm's ghost, amateur DECj


Innate Abilities, Weirdness & Mutations

You are partially covered in iridescent scales. (AC +2)
You sometimes gain a little power by taking damage.


Message History

The giant cockroach bites you but does no damage. x2
The giant cockroach bites you but does no damage.
The giant cockroach splashes around in the water.
The orc misses you.
The orc wizard shouts!
You hear a shout!
The giant cockroach closely misses you.
The giant cockroach bites you but does no damage.
You hear the rapid rusting of a drain.
The giant cockroach barely misses you.
The orc wizard casts a spell.
The orc wizard flickers and vanishes!
Deactivating autopickup; reactivate with Ctrl-A.
The giant cockroach bites you.
Damage: 2 (max 2)
A rat comes into view.
The giant cockroach bites you but does no damage.
The rat splashes around in the water.
The giant cockroach closely misses you. The rat barely misses you.
You riposte.
You hit the rat.
You kill the rat!
Yredelemnul accepts your kill. The giant cockroach barely misses you.
The giant cockroach closely misses you.
You riposte.
You are feeling hungry.
You hit the giant cockroach.
You kill the giant cockroach!
Yredelemnul accepts your kill.
A river rat comes into view.
The orc splashes around in the water.
Your unstable footing causes you to fumble your attack.
The orc barely misses you.
You closely miss the orc.
The river rat bites you but does no damage.
The river rat bites you.
Damage: 3 (max 3)
The orc priest mumbles some strange prayers to Beogh against you.
Beogh smites you!
* * * LOW HITPOINT WARNING * * *
You block something's attack.
The orc priest casts a cantrip, but nothing happens.
The orc throws a tomahawk.
The tomahawk completely misses you.
The tomahawk hits the orc.
You hear some strange, mumbled words.
A puff of flame appears from out of thin air!
The puff of flame hits you!
Damage: 14 (max 14)
You hit the river rat.
The river rat is heavily wounded.
You are engulfed in a cloud of scalding steam.
You die...
Your body rises from the dead as a mindless zombie.

... ... .... ....
.... .......#.....
.... ........###
### ..(.
.....g##≈######≈##
.###
.....#≈≈o@{o≈≈≈≈#
.#
....#≈≈r####o≈≈#
...##≈## ##≈## #.
####.##.#.#≈# #≈#
#. ..........#≈#
#≈# o ###.
####.###.##≈#
##{## S. ...
#.#≈≈≈ #≈≈≈#
...##.. # ###.#≈≈≈
#≈≈≈# ..o..
#.#...##≈######≈##
#.###..


You could see an orc priest, a river rat and 2 orcs.

Vanquished Creatures
  4 gnolls
  3 adders
  2 oozes (D:2)
  2 leopard geckos (D:2)
  3 orcs (D:3)
  5 bats
  3 giant cockroaches
  2 goblins
  7 hobgoblins
  3 frilled lizards
  4 kobolds
  9 rats
47 creatures vanquished.

Notes
Turn   | Place    | Note
-------+----------+-------------------------------------------
     0 | D:1      | Gorice the Demonspawn Wanderer began the quest for the Orb.
     0 | D:1      | Gorice set off with: a +2 falchion, a potion of lignification {!q}, the Reference Book on Evil Arts, a +0 robe, a bread ration {!e}
     0 | D:1      | Reached XP level 1. HP: 13/13 MP: 3/3
     0 | D:1      | Identified the Reference Book on Evil Arts
   338 | D:1      | Reached skill level 3 in Long Blades
   617 | D:1      | Gained mutation: You are partially covered in iridescent scales. (AC +2) [demonic ancestry]
   617 | D:1      | Reached XP level 2. HP: 19/19 MP: 5/5
  1111 | D:2      | HP: 6/28 [gnoll/club (3)]
  1117 | D:2      | Reached skill level 1 in Armour
  1449 | D:2      | Gained mutation: You sometimes gain a little power by taking damage. [demonic ancestry]
  1449 | D:2      | Reached XP level 3. HP: 24/24 MP: 6/6
  1716 | D:2      | Reached skill level 4 in Long Blades
  1810 | D:1      | Reached XP level 4. HP: 30/30 MP: 7/7
  2784 | D:3      | Noticed sergedm's ghost (amateur DECj)
  2865 | D:3      | Found a shimmering altar of Xom.
  2866 | D:3      | Found a shimmering altar of Xom.
  2875 | D:3      | Found a shimmering altar of Xom.
  2876 | D:3      | Found a shimmering altar of Xom.
  2884 | D:3      | Found a shimmering altar of Xom.
  3047 | D:3      | Found a basalt altar of Yredelemnul.
  3052 | D:3      | Became a worshipper of Yredelemnul the Dark
  3203 | D:3      | Reached skill level 2 in Armour
  3280 | D:3      | Engulfed by an orc wizard's steam

Vault maps used:
D:1:      dpeg_arrival_water_temple_mockup
D:3:      yredelemnul_altar_generic, gup_sewer_entry_bubbles, xom_redecorated

Skill      XL: |  1  2  3  4 |
---------------+-------------+-----
Long Blades    | 3 4 |  4.5
Armour         | 1 2 |  2.0
Dodging        | |  1.7
Shields        | |  1.7
Spellcasting   | |  2.0
Transmutations | |  1.0

Action                   |  1- 3 |  4- 6 || total
-------------------------+-------+-------++-------
Melee: Falchion          |    78 |    60 ||   138
Throw: Stone             |    34 |       ||    34
  Use: Scroll            |     5 |     1 ||     6
       Potion            |     1 |       ||     1
  Eat: Chunk             |     3 |     4 ||     7
Armor: Scale mail        |    20 |    29 ||    49
       Skin              |     4 |       ||     4
Dodge: Dodged            |    33 |    47 ||    80
Block: Buckler           |    10 |    13 ||    23
       Rpst.: Falchion   |     8 |    14 ||    22

Table legend:
 A = Spawn XP
 B = Non-spawn XP
 C = Spawn XP percentage of total XP
 D = Spawn monster count
 E = Non-spawn monster count
 F = Spawn count percentage of total count
 G = Total turns spent on level
                    A         B        C        D         E        F      G
               +---------+---------+-------+---------+---------+-------+---------
         Total |       0 |     175 |   0.0 |       0 |      47 |   0.0 |  3280
               +---------+---------+-------+---------+---------+-------+---------
           D:1 |       0 |      54 |   0.0 |       0 |      17 |   0.0 |  1507
           D:2 |       0 |      87 |   0.0 |       0 |      17 |   0.0 |  1432
           D:3 |       0 |      34 |   0.0 |       0 |      13 |   0.0 |   341
               +---------+---------+-------+---------+---------+-------+---------

Table legend:
 A = Turns spent in this place as a percentage of turns spent in the entire game.
 B = Non-inter-level travel turns spent in this place as a percentage of non-inter-level travel turns spent in the entire game.
 C = Inter-level travel turns spent in this place as a percentage of turns spent in this place.
 D = Turns resting spent in this place as a percentage of non-inter-level travel turns spent in this place.
 E = Turns spent auto-exploring this place as a percentage of non-inter-level travel turns spent in this place.
 F = Non-inter-level travel turns spent in this place divided by the number of levels of this place that you've seen.
                   A       B       C       D       E      F
               +-------+-------+-------+-------+-------+----------------------
         Total | 100.0 | 100.0 |   7.6 |  26.8 |  41.1 | 1010.3
       Dungeon | 100.0 | 100.0 |   7.6 |  26.8 |  41.1 | 1010.3
               +-------+-------+-------+-------+-------+----------------------

Vault maps used:
D:1:      dpeg_arrival_water_temple_mockup
D:3:      yredelemnul_altar_generic, gup_sewer_entry_bubbles, xom_redecorated
